 Dungeon Crawl Stone Soup version 0.31-a0-236-g9a0961fb85 (webtiles) character file.

Game seed: 5489775884987081685

599 qw the Shooter (level 7, -6/59 HPs)
             Began as a Minotaur Hexslinger on July 10, 2023.
             Killed by divine providence
             ... invoked by an orc priest
              (13 damage)
             ... on level 6 of the Dungeon.
             The game lasted 00:01:31 (3782 turns).

qw the Shooter (Minotaur Hexslinger)                Turns: 3782, Time: 00:01:31

Health: -6/59      AC: 10    Str: 12    XL:     7   Next: 17%
Magic:  7/7        EV: 11    Int: 10    God:
Gold:   26         SH:  0    Dex: 20    Spells: 7/8 levels left

rFire   . . .        a - +0 sling of Forgiveness {flame, *Slow Dex+5}
rCold   . . .        (no shield)
rNeg    . . .        i - +0 ring mail
rPois   .            (helmet restricted)
rElec   .            (no cloak)
rCorr   .            f - +1 pair of gloves
SInv    .            b - +2 pair of boots
Will    .....        (no amulet)
Stlth   +            (no ring)
HPRegen 0.29/turn    (no ring)
MPRegen 0.10/turn

%: slow self (1%)
@: about to teleport
A: horns 2, retaliatory headbutt
a: no special abilities


You were on level 6 of the Dungeon.
You visited 1 branch of the dungeon, and saw 6 of its levels.

You collected 269 gold pieces.
You spent 243 gold pieces at shops.


Innate Abilities, Weirdness & Mutations

You have a pair of horns on your head.
You reflexively headbutt those who attack you in melee.


   Skills:
 - Level 4.2 Fighting
 - Level 7.0 Ranged Weapons
 - Level 3.0 Armour
 + Level 2.7 Dodging
 - Level 1.0 Spellcasting
 - Level 2.0 Hexes


You had 7 spell levels left.
You knew the following spells:

 Your Spells              Type           Power      Damage    Failure   Level
a - Slow                  Hex            16%        N/A       32%         1

Your spell library contained the following spells:

 Spells                   Type           Power      Damage    Failure   Level
 Inner Flame              Hex/Fire       2%         N/A       82%         3
 Portal Projectile        Hex/Tloc       4%         N/A       82%         3
 Cause Fear               Hex            2%         N/A       97%         4

Inventory:

Hand Weapons
 a - the +0 sling of Forgiveness (weapon) {flame, *Slow Dex+5}
   (You found it on level 2 of the Dungeon)

   Dex:       It affects your dexterity (+5).
   *Slow:     It may slow you when you take damage.
Armour
 b - a +2 pair of boots (worn)
 f - a +1 pair of gloves (worn)
 i - a +0 ring mail (worn)
Scrolls
 e - 2 scrolls of identify
Potions
 c - 3 potions of might
 d - 4 potions of curing
 g - a potion of berserk rage {unknown}
 k - a potion of enlightenment
 l - a potion of cancellation
 m - a potion of heal wounds {unknown}

Dungeon Overview and Level Annotations

Branches:
Dungeon (6/15)
 Temple: D:4-7

Altars:
Hepliaklqana
Makhleb
Vehumet
Xom
Yredelemnul

Shops:
D:3 [   D:5 !***[

Annotations:
D:2 1 runed translucent door, Crazy Yiuf


Message History

The orc priest hits you but does no damage.
The orc warrior hits you from afar with a +0 glaive!!
The orc priest hits you but does no damage.
You shoot a sling bullet. The sling bullet hits the orc priest.
The sling bullet burns the orc priest.
The orc priest is lightly wounded.
The orc warrior hits you from afar with a +0 glaive!
The orc priest hits you with a +0 dagger.
You shoot a sling bullet. The sling bullet hits the orc priest.
The sling bullet burns the orc priest.
The orc priest is moderately wounded.
The orc warrior barely misses you.
The orc priest looks encouraged for a moment.
You shoot a sling bullet.
The sling bullet barely misses the orc priest.
The orc warrior barely misses you.
The orc priest hits you but does no damage.
You shoot a sling bullet. The sling bullet hits the orc priest.
The sling bullet burns the orc priest.
The orc priest is heavily wounded.
The orc warrior hits you from afar with a +0 glaive.
The orc wizard hits you but does no damage.
The orc priest hits you but does no damage.
You shoot a sling bullet.
The sling bullet closely misses the orc priest.
The orc warrior barely misses you.
The orc wizard hits you with a +0 dagger.
The orc hits you with a +0 hand axe. The orc priest completely misses you.
The orc warrior barely misses you.
The orc priest invokes the aid of Beogh against you.
Beogh smites you!
The orc wizard hits you but does no damage.
3782 ||| READING scroll of teleportation.
As you read the scroll of teleportation, it crumbles to dust.
You feel strangely unstable.
The orc warrior hits you from afar with a +0 glaive.
The orc wizard barely misses you. The orc closely misses you.
The orc priest mumbles some strange prayers to Beogh against you.
Beogh smites you!
You die...

..##........#### #.#
.......(....#..##...
.....#............ ..
#...........#...
..##...........#.##
#....#............o..#
.. ..>.........oo...#
.# #.#........@o.#
.#####.#)......##o##
......))...#..## ##
..#....)..###.#
......##..# ###
......##### .#....#
#######


You could see an orc warrior, an orc priest, an orc wizard and 2 orcs.

Vanquished Creatures
  A black bear (D:5)
  A scorpion (D:4)
  A crimson imp (D:4)
  4 hounds (D:5)
  Terence (D:2)
  2 iguanas (D:5)
  2 orc wizards
  6 adders
  A shadow imp (D:6)
  An ufetubus (D:5)
  A dart slug (D:3)
  13 orcs
  6 endoplasms
  3 giant cockroaches
  5 goblins
  11 hobgoblins
  4 jackals (D:4)
  7 kobolds
  5 quokkas
  7 ball pythons
  6 bats
  A frilled lizard (D:2)
  5 rats
94 creatures vanquished.

Notes
Turn   | Place    | Note
-------+----------+-------------------------------------------
     0 | D:1      | qw the Minotaur Hexslinger began the quest for the Orb.
     0 | D:1      | Reached XP level 1. HP: 16/16 MP: 1/1
     0 | D:1      | 0 ||| qw: Version: 0.3-a-52-g30416fa
     0 | D:1      | 0 ||| qw: Game counter: 4859
     0 | D:1      | 0 ||| qw: Melee chars always use a shield: true
     0 | D:1      | 0 ||| qw: God list: Okawaru
     0 | D:1      | 0 ||| qw: Allow faded altars: false
     0 | D:1      | 0 ||| qw: Do Orc after clearing Dungeon:15 true
     0 | D:1      | 0 ||| qw: Do second Lair branch before Depths: true
     0 | D:1      | 0 ||| qw: Lair rune preference: random
     0 | D:1      | 0 ||| qw: Goals: Normal
     0 | D:1      | 0 ||| PLANNING D:1-11
   119 | D:1      | Reached skill level 3 in Ranged Weapons
   129 | D:1      | Reached XP level 2. HP: 23/23 MP: 2/2
   186 | D:1      | HP: 5/24 [ball python (3)]
   425 | D:1      | Reached XP level 3. HP: 29/29 MP: 3/3
   553 | D:1      | 553 ||| READING scroll labelled FUVEPICONU.
   554 | D:1      | 554 ||| READING 4 scrolls labelled TOLUUSEDEWAR.
   555 | D:1      | 555 ||| READING scroll labelled MYCKUGRUMYTA.
   556 | D:1      | 556 ||| DROPPING scroll of poison.
   593 | D:2      | Identified the +0 sling of Forgiveness {flame, *Slow Dex+5}
   595 | D:2      | 595 ||| SWAPPING to +0 sling of Forgiveness {flame, *Slow
                  | Dex+5}.
   596 | D:2      | 596 ||| DROPPING +1 sling.
   682 | D:2      | Found a faded altar of an unknown god.
   821 | D:2      | Reached skill level 4 in Ranged Weapons
   903 | D:2      | Found a basalt altar of Yredelemnul.
  1013 | D:2      | Reached XP level 4. HP: 36/36 MP: 4/4
  1082 | D:2      | Noticed Terence
  1091 | D:2      | Killed Terence
  1151 | D:2      | Found a runed translucent door.
  1152 | D:2      | Noticed Crazy Yiuf
  1269 | D:2      | 1269 ||| UPGRADING to +2 pair of boots.
  1274 | D:2      | 1274 ||| UPGRADING to +0 leather armour.
  1284 | D:2      | 1284 ||| DROPPING +0 robe.
  1285 | D:2      | 1285 ||| UPGRADING to +0 ring mail.
  1295 | D:2      | 1295 ||| DROPPING +0 leather armour.
  1296 | D:2      | 1296 ||| READING scroll labelled ESABEM TUADICI.
  1297 | D:2      | 1297 ||| READING 2 scrolls labelled HUADEN KEWK.
  1298 | D:2      | 1298 ||| READING 2 scrolls labelled MUKLEPHOIMM.
  1299 | D:2      | 1299 ||| READING 4 scrolls of identify.
  1299 | D:2      | 1299 ||| IDENTIFYING fizzy orange potion
  1300 | D:2      | 1300 ||| READING 3 scrolls of identify.
  1300 | D:2      | 1300 ||| IDENTIFYING sapphire potion
  1301 | D:2      | 1301 ||| DROPPING potion of brilliance.
  1302 | D:2      | 1302 ||| DROPPING scroll of revelation.
  1390 | D:3      | Found Losexub's Antique Armour Shop.
  1393 | D:3      | 1393 ||| SHOPLISTING +3 crown of Dyrovepreva {rElec Int+2
                  | SInv} (786 gold, have 93).
  1496 | D:3      | Reached skill level 1 in Armour
  1543 | D:3      | Reached skill level 5 in Ranged Weapons
  1840 | D:3      | Reached XP level 5. HP: 42/42 MP: 5/5
  1945 | D:3      | 1945 ||| READING scroll labelled EDIALA AMEGONK.
  1946 | D:3      | 1946 ||| READING 2 scrolls of identify.
  1946 | D:3      | 1946 ||| IDENTIFYING black potion
  1987 | D:4      | Reached skill level 3 in Fighting
  2222 | D:4      | Found a radiant altar of Vehumet.
  2430 | D:4      | Found a shimmering altar of Xom.
  2430 | D:4      | Found a burning altar of Makhleb.
  2457 | D:4      | 2457 ||| FLEEEEING.
  2458 | D:4      | 2458 ||| FLEEEEING.
  2459 | D:4      | 2459 ||| FLEEEEING.
  2460 | D:4      | 2460 ||| FLEEEEING.
  2461 | D:4      | 2461 ||| FLEEEEING.
  2462 | D:4      | 2462 ||| FLEEEEING.
  2477 | D:4      | Reached XP level 6. HP: 44/52 MP: 6/6
  2514 | D:4      | 2514 ||| UPGRADING to +0 pair of gloves.
  2519 | D:4      | 2519 ||| READING scroll of enchant armour.
  2519 | D:4      | 2519 ||| ENCHANTING +0 pair of gloves.
  2520 | D:4      | 2520 ||| READING scroll labelled JOAHEM SAGAUR.
  2524 | D:4      | 2524 ||| DRINKING 2 clear potions.
  2525 | D:4      | 2525 ||| READING 2 scrolls of identify.
  2525 | D:4      | 2525 ||| IDENTIFYING orange potion
  2526 | D:4      | 2526 ||| DROPPING potion of ambrosia.
  2545 | D:5      | Entered Level 5 of the Dungeon
  2545 | D:5      | Found Yxzintij's Assorted Antiques.
  2549 | D:5      | 2549 ||| BUYING potion of curing (81 gold).
  2549 | D:5      | Bought a potion of curing for 81 gold pieces
  2600 | D:5      | Reached skill level 6 in Ranged Weapons
  2951 | D:5      | Found Yxzopn's Armour Shop.
  2959 | D:5      | 2959 ||| SHOPLISTING +1 leather armour of cold resistance
                  | (168 gold, have 165).
  3318 | D:5      | Reached skill level 7 in Ranged Weapons
  3346 | D:5      | Found Wuomofei's Assorted Antiques.
  3383 | D:5      | 3383 ||| BUYING scroll labelled VECIONG PUTAEMN (35 gold).
  3383 | D:5      | Bought a scroll labelled VECIONG PUTAEMN for 35 gold pieces
  3442 | D:5      | Found Wethruilo's Distillery.
  3454 | D:5      | 3454 ||| BUYING potion of cancellation (104 gold).
  3454 | D:5      | Bought a potion of cancellation for 104 gold pieces
  3454 | D:5      | 3454 ||| SHOPLISTING potion of curing (39 gold, have 36).
  3454 | D:5      | 3454 ||| SHOPLISTING potion of enlightenment (65 gold, have
                  | 36).
  3454 | D:5      | 3454 ||| SHOPLISTING potion of heal wounds (65 gold, have
                  | 36).
  3454 | D:5      | 3454 ||| SHOPLISTING potion of resistance (130 gold, have
                  | 36).
  3493 | D:5      | Found Cyfah's Assorted Antiques.
  3499 | D:5      | Reached skill level 3 in Armour
  3499 | D:5      | Reached XP level 7. HP: 59/59 MP: 7/7
  3507 | D:5      | 3507 ||| SHOPLISTING 2 golden potions (46 gold, have 36).
  3507 | D:5      | 3507 ||| SHOPLISTING 2 potions of curing (156 gold, have
                  | 36).
  3507 | D:5      | 3507 ||| BUYING brown potion (23 gold).
  3507 | D:5      | Bought a brown potion for 23 gold pieces
  3507 | D:5      | 3507 ||| SHOPLISTING scroll labelled TELAYN GUMODGH (26
                  | gold, have 13).
  3507 | D:5      | 3507 ||| SHOPLISTING scroll of teleportation (78 gold, have
                  | 13).
  3513 | D:5      | Found a hazy altar of Hepliaklqana.
  3590 | D:5      | 3590 ||| READING scroll labelled VECIONG PUTAEMN.
  3781 | D:6      | HP: 13/59 [orc priest/divine providence (13)]
  3782 | D:6      | 3782 ||| READING scroll of teleportation.
  3782 | D:6      | Killed from afar by an orc priest

Levels and vault maps discovered:
D:1:      mrwooster_arrival_statue_3, layout_rooms, minmay_crystal_room
D:2:      layout_loops_ring, shapermc_ecumenical_altar_gd, basic_altar,
          uniq_crazy_yiuf_cottage, uniq_terence
D:3:      layout_basic, serial_shops, nicolae_shop_tiny_real_fake_doors
D:4:      layout_rooms, grunt_temple_overflow_champion_of_chaos,
          nicolae_vehumet_radiance
D:5:      layout_basic, lemuel_round_altar, serial_shops,
          nicolae_shop_dealshenge, shop, shop, nicolae_shop_waterfront,
          nicolae_shop_peninsula
D:6:      layout_cave_pools, minmay_temple_entry_poolview,
          minmay_misc_feat_hallway

Skill      XL: |  1  2  3  4  5  6 |
---------------+-------------------+-----
Ranged Weapons | 3 4 5 7 |  7.0
Fighting       | 2 3 4 |  4.2
Armour         | 1 3 |  3.0
Dodging        | |  2.7
Spellcasting   | |  1.0
Hexes          | |  2.0

Action                     |  1- 3 |  4- 6 |  7- 9 || total
---------------------------+-------+-------+-------++-------
   Fire: Sling             |   104 |   183 |    34 ||   321
    Use: Scroll            |     3 |    10 |     2 ||    15
         Potion            |       |     1 |       ||     1
 Armour: Robe              |    12 |       |       ||    12
         Ring mail         |       |    41 |    15 ||    56
  Dodge: Dodged            |    40 |    60 |    15 ||   115

Table legend:
 A = Non-vault XP
 B = Vault XP
 C = Vault XP percentage of total XP
 D = Non-vault monster count
 E = Vault monster count
 F = Vault count percentage of total count
                 A         B        C        D         E       F
            +---------+---------+-------+---------+---------+-------
      Total |     773 |      84 |   9.8 |      92 |       2 |   2.1
            +---------+---------+-------+---------+---------+-------
        D:1 |      42 |       0 |   0.0 |      24 |       0 |   0.0
        D:2 |      55 |      36 |  39.6 |      20 |       1 |   4.8
        D:3 |      64 |       0 |   0.0 |      16 |       0 |   0.0
        D:4 |     152 |      48 |  24.0 |      14 |       1 |   6.7
        D:5 |     401 |       0 |   0.0 |      12 |       0 |   0.0
        D:6 |      59 |       0 |   0.0 |       6 |       0 |   0.0
            +---------+---------+-------+---------+---------+-------
